 Dungeon Crawl Stone Soup version 0.32-a0-128-g77eb882913 (webtiles) character file.

Game seed: 89754916710944949

160 Essalna the Digger (level 5, 0/28 HPs)
             Began as a Gargoyle Earth Elementalist on Feb 8, 2024.
             Incinerated by a bombardier beetle (6 damage)
             ... with a burning spray
             ... on level 4 of the Dungeon.
             The game lasted 00:04:17 (2869 turns).

Essalna the Digger (Gargoyle Earth Elementalist)    Turns: 2869, Time: 00:04:18

Health: 0/28       AC:  7    Str: 11    XL:     5   Next: 41%
Magic:  5/9        EV: 11    Int: 18    God:
Gold:   185        SH:  0    Dex: 10    Spells: 9/10 levels left

rFire   . . .        c - +2 dagger (protect)
rCold   . . .        (no shield)
rNeg    + . .        a - +1 robe
rPois   ∞            (no helmet)
rElec   +            (no cloak)
rCorr   .            (no gloves)
SInv    .            (no boots)
Will    .....        (no amulet)
Stlth   +            (no ring)
HPRegen 0.24/turn    (no ring)
MPRegen 0.11/turn

%: no passive effects
@: on fire, glowing
A: sickness immunity, AC +4, negative energy resistance 1, electricity
resistance, torment resistance 1, petrification resistance
a: no special abilities


You were on level 4 of the Dungeon.
You visited 1 branch of the dungeon, and saw 4 of its levels.

You collected 185 gold pieces.

Inventory:

Hand Weapons
 c - a +2 dagger of protection (weapon)
Armour
 a - a +1 robe (worn)
Jewellery
 m - an amulet of faith
Wands
 l - a wand of charming (6)
Scrolls
 d - 2 scrolls of teleportation
 f - a scroll of poison {unknown}
 i - a scroll of immolation {unknown}
 j - 3 scrolls of identify
Potions
 b - a potion of magic
 e - a potion of degeneration
 g - 2 potions of curing {unknown}
 h - a potion of heal wounds
 k - a potion of berserk rage


   Skills:
 - Level 1.5 Dodging
 - Level 2.1 Stealth
 + Level 3.2 Spellcasting
 + Level 3.2 Conjurations
 + Level 5.0 Earth Magic


You had 9 spell levels left.
You knew the following spells:

 Your Spells              Type           Power      Damage    Failure   Level
a - Sandblast             Erth           42%        2d11      1%          1

Your spell library contained the following spells:

 Spells                   Type           Power      Damage    Failure   Level
 Passwall                 Erth           21%        N/A       6%          3
 Stone Arrow              Conj/Erth      36%        3d9       9%          3
 Brom's Barrelling Bould  Conj/Erth      18%        2d4       28%         4
 Petrify                  Alch/Erth      12%        N/A       50%         4


Dungeon Overview and Level Annotations

Branches:
Dungeon (4/15)             Temple (0/1) D:4

Altars:
Dithmenos
The Shining One


Innate Abilities, Weirdness & Mutations

You are immune to sickness and miasma.
Your stone body is resilient. (AC +4)
You are immune to poison.
You resist negative energy. (rN+)
You are resistant to electric shocks. (rElec)
You are resistant to unholy torment.
You are immune to petrification.


Message History

The blast of sand hits the bombardier beetle.
The bombardier beetle is moderately wounded.
The liquid fire burns you!
The blast of sand hits the bombardier beetle!
The bombardier beetle is almost dead.
The liquid fire burns you!
The bombardier beetle bites you but does no damage.
You are too injured to fight recklessly!
You are too injured to fight recklessly!
You are too injured to fight recklessly!
You are too injured to fight recklessly!
Casting: Sandblast (safe; 2% risk of failure)
Confirm with . or Enter, or press ? or * to list all spells.
Aiming: Sandblast (safe; 2% risk of failure)
Press: ? - help, Shift-Dir - straight line, f/p - bombardier beetle
Aim: a bombardier beetle (almost dead, 90% to hit)
The blast of sand hits the bombardier beetle!
You kill the bombardier beetle!
The liquid fire burns you!
Your Earth Magic skill increases to level 5!
Casting: Sandblast (safe; 1% risk of failure)
Confirm with . or Enter, or press ? or * to list all spells.
You don't know that spell.
Unknown command.
You are on fire!
The liquid fire burns you!
* * * LOW HITPOINT WARNING * * *
The liquid fire burns you!
* * * LOW HITPOINT WARNING * * *
The liquid fire burns you!
* * * LOW HITPOINT WARNING * * *
It was a potion of heal wounds.
You feel much better. The liquid fire burns you!
You are on fire!
The liquid fire burns you! The liquid fire burns you!
The liquid fire burns you!
* * * LOW HITPOINT WARNING * * *
The liquid fire burns you!
You die...

..........#####'##
####......###ß>ß#######
..........#...........#######
#####+#####........##.##....#
#........##.##....#
....####...##.##....#
###.####...##.##....#
......†...+...'...>+ ##
#@..##<##....#
#...#####.†..###
##...##.........#
+...............#
######..........#
#........### #.#.###..# #...#
#.## ##### ..#


There were no monsters in sight!

Vanquished Creatures
  2 bombardier beetles
  3 adders
  5 dart slugs
  A ribbon worm (D:2)
  2 orcs
  6 ball pythons
  A bat (D:3)
  11 endoplasms
  3 giant cockroaches
  3 hobgoblins
  5 kobolds
  2 quokkas
  3 frilled lizards
  2 goblins
  8 rats
57 creatures vanquished.

Notes
Turn   | Place    | Note
-------+----------+-------------------------------------------
     0 | D:1      | Essalna the Gargoyle Earth Elementalist began the quest for
                  | the Orb.
     0 | D:1      | Reached XP level 1. HP: 10/10 MP: 3/3
   124 | D:1      | Reached XP level 2. HP: 13/15 MP: 5/5
   261 | D:1      | Reached skill level 4 in Earth Magic
   413 | D:1      | Reached XP level 3. HP: 19/19 MP: 3/6
  1184 | D:2      | Reached XP level 4. HP: 24/24 MP: 6/8
  1813 | D:3      | Found a shadowy altar of Dithmenos.
  1993 | D:3      | Found a glowing golden altar of the Shining One.
  2244 | D:3      | Reached XP level 5. HP: 9/28 MP: 1/9
  2461 | D:3      | Found a faded altar of an unknown god.
  2787 | D:4      | Found a staircase to the Ecumenical Temple.
  2862 | D:4      | Reached skill level 5 in Earth Magic
  2864 | D:4      | HP: 1/28 [burnt (2)]
  2869 | D:4      | Incinerated by a bombardier beetle

Illustrated notes

Levels and vault maps discovered:
D:1:      minmay_arrival_shoal_huts, layout_basic
D:2:      layout_loops_ring, serial_bayou_lagoon_b
D:3:      layout_basic, mainiacjoe_overflow_six_doors_small,
          nicolae_dithmenos_the_darkroom, chequers_ecumenical_altar_twisty,
          amcnicky_mini_rare_corridor_liquid
D:4:      layout_basic, temple_statues

Skill      XL: |  1  2  3  4  5 |
---------------+----------------+-----
Earth Magic    | 4 5 |  5.0
Conjurations   | 2 3 |  3.2
Spellcasting   | 3 |  3.2
Dodging        | |  1.5
Stealth        | |  2.1

Action                     |  1- 3 |  4- 6 || total
---------------------------+-------+-------++-------
  Melee: Dagger            |    25 |    39 ||    64
         Punch             |     1 |     2 ||     3
   Cast: Sandblast         |    39 |    32 ||    71
    Use: Scroll            |       |     4 ||     4
         Potion            |       |     2 ||     2
   Stab: Sleeping          |       |     1 ||     1
 Armour: Robe              |    19 |    21 ||    40
  Dodge: Dodged            |    17 |    21 ||    38

Table legend: (Time is in decaauts)
 A = Elapsed time spent in this place.
 B = Non-inter-level travel time spent in this place.
 C = Inter-level travel time spent in this place.
 D = Time resting spent in this place.
 E = Time spent auto-exploring this place.
 F = Levels seen in this place.
 G = Mean time per level.
                   A        B        C        D        E       F      G
               +--------+--------+--------+--------+--------+-----+--------+
         Total |   2931 |   2902 |     29 |      0 |   2465 |   4 |  732.8 |
       Dungeon |   2931 |   2902 |     29 |      0 |   2465 |   4 |  732.8 |
               +--------+--------+--------+--------+--------+-----+--------+

Top non-repeatable levels by time:
     D:2: 1019 daAuts
     D:3: 952 daAuts
     D:1: 815 daAuts
     D:4: 144 daAuts
